[Event "Titled Tuesday Blitz March 01 Early 2022"]
[White "Gubanov, Oleg"]
[Black "Nozdrachev, Leonid"]
[WhiteFideId "14115115"]
[BlackFideId "24113433"]
[WhiteElo "2080"]
[BlackElo "2124"]
[Result "1-0"]
[Round "05"]
[TimeControl "180+1"]
[Date "2022.03.01"]
[WhiteClock "0:01:10"]
[BlackClock "0:00:01"]

1. e4 d6 2. d4 Nf6 3. Nc3 e5 4. Nf3 Nbd7 5. Bc4 Be7 6. O-O O-O 7. Re1 c6 8. a4 Re8 9. Bb3 Qc7 10. Bg5 Nf8 11. Bh4 Ng6 12. Bg3 Nh5 13. Nxe5 Nxe5 14. Qxh5 Bg4 15. Bxf7+ Kh8 16. Bxe8 Bxh5 17. Bxh5 Nd7 18. a5 Qd8 19. a6 b5 20. Rad1 Bh4 21. Bxd6 Bxf2+ 22. Kxf2 Qf6+ 23. Bf3 Qxd6 24. e5 Qh6 25. Nxb5 Rb8 26. Nd6 Qxh2 27. b3 Qh4+ 28. Kg1 c5 29. d5 Rf8 30. e6 Nf6 31. Nf7+ Kg8 32. d6 1-0


[Site "https://www.chess.com"]

[Event "Titled Tuesday Blitz March 01 Early 2022"]
[White "Gunina, Valentina"]
[Black "Izoria, Zviad"]
[WhiteFideId "4167570"]
[BlackFideId "13601733"]
[WhiteElo "2465"]
[BlackElo "2626"]
[Result "1-0"]
[Round "05"]
[TimeControl "180+1"]
[Date "2022.03.01"]
[WhiteClock "0:00:38"]
[BlackClock "0:00:07"]

1. d4 d6 2. e4 g6 3. Nc3 Bg7 4. Nf3 Nf6 5. Be2 O-O 6. O-O Nc6 7. h3 e5 8. d5 Ne7 9. Be3 a6 10. Qd2 b5 11. a4 b4 12. Na2 a5 13. Bd3 Nexd5 14. exd5 e4 15. Be2 exf3 16. Bxf3 Ba6 17. Rfe1 Nd7 18. c3 Nc5 19. Nc1 bxc3 20. bxc3 Rb8 21. Qc2 Qd7 22. Bxc5 dxc5 23. Nb3 Qd6 24. Nxa5 c4 25. Nc6 Rb3 26. Re3 Bb7 27. Rd1 Bxc6 28. dxc6 Qa3 29. Bd5 Rxc3 30. Rxc3 Bxc3 31. Bxc4 Ba5 32. Rd7 Qa1+ 33. Kh2 Qe5+ 34. g3 Bb6 35. Kg2 Qf6 36. Bd5 Kg7 37. Qa2 Ba5 38. h4 h5 39. Kg1 Qf5 40. Kg2 Qf6 41. Qe2 Bb6 42. Qf3 Qxf3+ 43. Kxf3 Kf6 44. Kf4 Bxf2 45. Rxc7 Bc5 46. Rd7 1-0


[Site "https://www.chess.com"]

[Event "Titled Tuesday Blitz March 01 Early 2022"]
[White "Guseva, Marina"]
[Black "Kadam, Om Manish"]
[WhiteFideId "4149351"]
[BlackFideId "45076294"]
[WhiteElo "2232"]
[BlackElo "1729"]
[Result "1-0"]
[Round "05"]
[TimeControl "180+1"]
[Date "2022.03.01"]
[WhiteClock "0:00:18"]
[BlackClock "0:00:13"]

1. d4 Nf6 2. Nf3 d5 3. Bf4 c5 4. e3 Nc6 5. Nbd2 cxd4 6. exd4 Bg4 7. c3 e6 8. Qa4 Bd6 9. Bg3 O-O 10. Bd3 Bh5 11. O-O Bg6 12. Bxg6 hxg6 13. Rfe1 a6 14. Qd1 Rc8 15. Bxd6 Qxd6 16. Ng5 b5 17. a3 a5 18. Qf3 b4 19. axb4 axb4 20. Qh3 Qf4 21. Ndf3 Ra8 22. Nxe6 fxe6 23. Qxe6+ Kh7 24. Rxa8 Rxa8 25. Qxc6 Ra2 26. h4 Rxb2 27. Qc8 Kh6 28. cxb4 Qf5 29. Qh8+ Nh7 30. Rf1 g5 31. hxg5+ Kh5 32. Ne5 Rxb4 33. g4+ Kxg5 1-0


[Site "https://www.chess.com"]

[Event "Titled Tuesday Blitz March 01 Early 2022"]
[White "Gutenev, Alexander"]
[Black "Kushko, Dmitriy"]
[WhiteFideId "4195540"]
[BlackFideId "14162261"]
[WhiteElo "2403"]
[BlackElo "2225"]
[Result "1-0"]
[Round "05"]
[TimeControl "180+1"]
[Date "2022.03.01"]
[WhiteClock "0:00:14"]
[BlackClock "0:00:10"]

1. e4 d6 2. d4 Nf6 3. Nc3 g6 4. Nf3 Bg7 5. Be2 O-O 6. O-O c6 7. a4 Qc7 8. Bf4 Nbd7 9. h3 e5 10. Bh2 Re8 11. dxe5 dxe5 12. Qd3 Nc5 13. Qc4 b6 14. a5 Ba6 15. Qb4 Bxe2 16. Nxe2 Nfxe4 17. Rfe1 Rad8 18. Nc1 f5 19. Qc4+ Qf7 20. Qxf7+ Kxf7 21. b4 Nd7 22. axb6 axb6 23. Ra7 Re7 24. Nd3 Ke8 25. g4 c5 26. bxc5 bxc5 27. Kg2 c4 28. Nb4 Rc8 29. Nd5 Rf7 30. Rxe4 fxe4 31. Ng5 Re7 32. Nxe7 Kxe7 33. Nxe4 h6 34. h4 Ke6 35. g5 hxg5 36. hxg5 Rc6 37. f3 Bf8 38. Bg1 Be7 39. Be3 Nc5 40. Bxc5 Bxc5 41. Rg7 Kd5 42. Nf6+ Kd4 43. Rxg6 Be7 44. Rh6 c3 45. Ne4 Rxh6 46. gxh6 Bf8 47. h7 Bg7 48. Kf2 Bh8 49. Ke2 Bg7 50. Ng5 Bf6 51. Nf7 e4 52. fxe4 Kxe4 53. h8=Q Bxh8 54. Nxh8 1-0


[Site "https://www.chess.com"]

[Event "Titled Tuesday Blitz March 01 Early 2022"]
[White "Guz, Ari"]
[Black "Kornyukov, Alexey"]
[WhiteFideId "2825759"]
[BlackFideId "4150457"]
[WhiteElo "1913"]
[BlackElo "2303"]
[Result "1-0"]
[Round "05"]
[TimeControl "180+1"]
[Date "2022.03.01"]
[WhiteClock "0:00:33"]
[BlackClock "0:00:55"]

1. Nf3 d5 2. e3 Nf6 3. b3 Nc6 4. Bb2 Bg4 5. Bb5 Qd6 6. h3 Bh5 7. g4 Bg6 8. Ne5 a6 9. Bxc6+ bxc6 10. d3 e6 11. f4 c5 12. Nd2 d4 13. Qf3 Nd5 14. Ndc4 Qd8 15. e4 Nb4 16. f5 Nxc2+ 17. Kd2 Nxa1 18. fxg6 Nxb3+ 19. axb3 Qf6 20. gxf7+ Ke7 21. Rf1 Qxf3 22. Rxf3 g6 23. Ba3 Kd8 24. Rf6 Be7 25. Rxe6 Rb8 26. Kc2 Rb5 27. Nc6+ Kd7 28. Rxe7+ Kxc6 29. e5 Rbb8 30. e6 Rhf8 31. Rd7 Rbc8 32. Ne5+ Kb5 33. e7 1-0


[Site "https://www.chess.com"]

[Event "Titled Tuesday Blitz March 01 Early 2022"]
[White "Hakemi, Arman"]
[Black "Astasio Lopez, David"]
[WhiteFideId "22520805"]
[BlackFideId "2230208"]
[WhiteElo "2208"]
[BlackElo "2355"]
[Result "1-0"]
[Round "05"]
[TimeControl "180+1"]
[Date "2022.03.01"]
[WhiteClock "0:01:44"]
[BlackClock "0:00:02"]

1. e4 c5 2. Nf3 e6 3. c3 Nf6 4. e5 Nd5 5. a3 b6 6. d4 cxd4 7. c4 Ne7 8. Nxd4 Bb7 9. Nc3 Nbc6 10. Ndb5 Ng6 11. Nd6+ Bxd6 12. exd6 O-O 13. Bd3 Nce5 14. O-O Qc8 15. b3 Nxd3 16. Qxd3 Qc6 17. f3 f5 18. Bb2 Rae8 19. Rae1 Qc5+ 20. Kh1 Nf4 21. Qd2 Ng6 22. Nb5 a6 23. Nc7 Rc8 24. Bd4 Qc6 25. Ba1 Rf7 26. Rd1 Rcf8 27. b4 Qxc4 28. Bd4 b5 29. Rc1 Qb3 30. Rc3 Qa4 31. Re1 f4 32. Bc5 Rf5 33. Rd3 Rg5 34. Nxe6 dxe6 35. d7 Rd8 36. Rxe6 Nh4 37. Re8+ Kf7 38. Rxd8 Rxg2 39. Rf8+ Kg6 40. Qxg2+ Nxg2 41. d8=Q Qc2 42. Qd6+ Kh5 43. Rf5+ g5 44. Rxg5+ Kxg5 45. Qe5+ Kg6 46. Rd6+ Kf7 47. Qf6+ Ke8 48. Rd8# 1-0


[Site "https://www.chess.com"]

[Event "Titled Tuesday Blitz March 01 Early 2022"]
[White "Dronavalli, Harika"]
[Black "Bilych, Olexiy"]
[WhiteFideId "5015197"]
[BlackFideId "14156504"]
[WhiteElo "2382"]
[BlackElo "2195"]
[Result "0-1"]
[Round "05"]
[TimeControl "180+1"]
[Date "2022.03.01"]
[WhiteClock "0:00:05"]
[BlackClock "0:01:30"]

1. d4 Nf6 2. c4 g6 3. g3 Bg7 4. Bg2 O-O 5. Nc3 d6 6. Nf3 Nc6 7. O-O e5 8. dxe5 dxe5 9. Bg5 Be6 10. Qa4 Qc8 11. Rfd1 Nd7 12. Nd5 Nb6 13. Qb3 e4 14. Ne1 Bxd5 15. cxd5 Nd4 16. Qe3 Nc4 17. Qxe4 Re8 18. Qh4 Nxe2+ 19. Kf1 Nxb2 20. Rd2 Qf5 21. Bh3 Qe5 22. Rb1 Nc4 23. Qxc4 Nc3 24. Rxb7 Qxe1+ 25. Kg2 Re4 26. Qxc7 Rf8 27. Be7 Qxd2 28. Bxf8 Qxd5 29. Bxg7 Re7+ 30. Kg1 Re1+ 31. Bf1 Ne2# 0-1


[Site "https://www.chess.com"]

[Event "Titled Tuesday Blitz March 01 Early 2022"]
[White "Heinemann, Josefine"]
[Black "Cori T., Deysi"]
[WhiteFideId "12900460"]
[BlackFideId "3801934"]
[WhiteElo "2300"]
[BlackElo "2350"]
[Result "0-1"]
[Round "05"]
[TimeControl "180+1"]
[Date "2022.03.01"]
[WhiteClock "0:00:10"]
[BlackClock "0:01:11"]

1. Nf3 f5 2. d4 Nf6 3. c4 g6 4. Nc3 Bg7 5. Bg5 d6 6. Bxf6 Bxf6 7. e4 O-O 8. Bd3 Bg7 9. exf5 Bxf5 10. Bxf5 Rxf5 11. O-O Nd7 12. Re1 c6 13. Qd3 e5 14. dxe5 Nxe5 15. Nxe5 Bxe5 16. Rad1 Qb6 17. Re2 Raf8 18. Ne4 R8f7 19. c5 dxc5 20. Ng3 Bxg3 21. hxg3 c4 22. Qd8+ Kg7 23. Qxb6 axb6 24. Rd4 b5 25. f3 Rd5 26. Rde4 Rd1+ 27. Kf2 Ra1 28. a3 c3 29. bxc3 Rxa3 30. Rc2 Rd7 31. Ke2 Rb3 32. g4 h6 33. Re6 b4 34. cxb4 Rxb4 35. Kf2 Rbd4 36. Kg3 Kf7 37. Re3 Rd2 38. Rc1 Rb2 39. Rce1 Rc2 40. Re8 b5 41. Rc8 Rdd2 42. Rc7+ Kf6 43. Kh3 Rxg2 44. Rxc6+ Rxc6 45. Kxg2 b4 46. Kg3 b3 47. Rb1 Rb6 48. Kf4 Ke6 49. Ke4 Kf6 50. Rb2 Kg5 51. Ke3 Kh4 52. Kf4 Kh3 53. g5 h5 54. Rb1 Kg2 55. Rb2+ Kh3 56. Rb1 Rb5 57. Rb2 h4 58. Rb1 b2 59. Ke3 Kg2 60. f4 h3 61. f5 h2 62. fxg6 h1=Q 63. Rxh1 Kxh1 64. Kf4 b1=Q 0-1


[Site "https://www.chess.com"]

[Event "Titled Tuesday Blitz March 01 Early 2022"]
[White "Hoffmann, Asa"]
[Black "Melian, Juan Sebastian"]
[WhiteFideId "2001470"]
[BlackFideId "3706575"]
[WhiteElo "2117"]
[BlackElo "1842"]
[Result "0-1"]
[Round "05"]
[TimeControl "180+1"]
[Date "2022.03.01"]
[WhiteClock "0:00:55"]
[BlackClock "0:00:25"]

1. d4 Nf6 2. Bg5 Ne4 3. Bf4 d5 4. f3 Nf6 5. e4 dxe4 6. Nc3 Bf5 7. fxe4 Nxe4 8. Qf3 Nxc3 9. bxc3 Nc6 10. Bc4 e6 11. Ne2 Bd6 12. O-O Bxf4 13. Nxf4 Qd6 14. Nh5 O-O 15. Bd3 Bg6 16. Ng3 Rab8 17. Rad1 Ne7 18. h4 Qd5 19. Qf4 Bxd3 20. Rxd3 Rbc8 21. Ne4 Ng6 22. Qe3 Nxh4 23. Ng3 Qxg2# 0-1


[Site "https://www.chess.com"]

[Event "Titled Tuesday Blitz March 01 Early 2022"]
[White "Horobetz, Graham"]
[Black "Caruana, Fabiano"]
[WhiteFideId "2047322"]
[BlackFideId "2020009"]
[WhiteElo "2614"]
[BlackElo "2744"]
[Result "0-1"]
[Round "05"]
[TimeControl "180+1"]
[Date "2022.03.01"]
[WhiteClock "0:00:03"]
[BlackClock "0:00:52"]

1. e4 c6 2. d4 d5 3. Nc3 dxe4 4. Nxe4 Bf5 5. Ng3 Bg6 6. h4 h6 7. Nf3 Nd7 8. h5 Bh7 9. Bd3 Bxd3 10. Qxd3 e6 11. Bd2 Ngf6 12. O-O-O Qb6 13. Kb1 a5 14. c4 a4 15. Rhe1 O-O-O 16. Qc2 a3 17. b3 Bb4 18. Ne4 Nxe4 19. Qxe4 Nf6 20. Qf4 Rhf8 21. g4 Bd6 22. Ne5 Nd7 23. Nxd7 Rxd7 24. Qe4 Bb4 25. d5 Rfd8 26. Be3 Qa5 27. Re2 exd5 28. cxd5 Rxd5 29. Rxd5 Qxd5 30. Qxd5 Rxd5 31. Kc2 Kd7 32. Bc1 b5 33. Re4 Bd6 34. b4 f5 35. gxf5 Rxf5 36. Rg4 Rxf2+ 37. Kb3 Rf3+ 38. Kc2 Be5 39. Bd2 Ke6 40. Rg6+ Bf6 41. Rg4 Kf5 42. Rg1 Rh3 43. Rf1+ Ke6 44. Re1+ Kd5 45. Bc1 Rh2+ 46. Kb3 Bb2 47. Rd1+ Ke6 48. Bf4 Rxh5 49. Rd6+ Kf5 50. Bd2 Rh2 51. Be3 Rh3 0-1


[Site "https://www.chess.com"]

[Event "Titled Tuesday Blitz March 01 Early 2022"]
[White "Iljin, Timofey"]
[Black "Golubenko, Valentina"]
[WhiteFideId "14110180"]
[BlackFideId "4501993"]
[WhiteElo "2396"]
[BlackElo "2164"]
[Result "1-0"]
[Round "05"]
[TimeControl "180+1"]
[Date "2022.03.01"]
[WhiteClock "0:00:35"]
[BlackClock "0:00:08"]

1. e4 e6 2. d4 d5 3. e5 c5 4. c3 Nc6 5. Nf3 Nge7 6. Bd3 cxd4 7. cxd4 Nf5 8. Bxf5 exf5 9. Nc3 a6 10. Be3 Be6 11. O-O Be7 12. Qd2 Rg8 13. g3 g5 14. Qd3 Qd7 15. Rac1 h5 16. Na4 Nxe5 17. Nxe5 Qxa4 18. Rc7 Qb4 19. a3 Qb6 20. Rfc1 Kf8 21. Bd2 Bd6 22. Rxf7+ Ke8 23. Rh7 Rc8 24. Rxc8+ Bxc8 25. Qe2 Kf8 26. Rf7+ Ke8 27. Qxh5 Kd8 28. Bxg5+ 1-0


[Site "https://www.chess.com"]

[Event "Titled Tuesday Blitz March 01 Early 2022"]
[White "Iskusnyh, Sergei"]
[Black "Gatterer, Florian"]
[WhiteFideId "4120027"]
[BlackFideId "811688"]
[WhiteElo "2492"]
[BlackElo "2218"]
[Result "1-0"]
[Round "05"]
[TimeControl "180+1"]
[Date "2022.03.01"]
[WhiteClock "0:01:25"]
[BlackClock "0:00:51"]

1. d4 Nf6 2. c4 g6 3. g3 c6 4. Bg2 d5 5. e3 Bg7 6. Ne2 O-O 7. O-O Bg4 8. h3 Bf5 9. Nbc3 dxc4 10. e4 Bc8 11. Be3 b5 12. Qc2 Bb7 13. Rfd1 Qa5 14. b3 cxb3 15. axb3 Qb4 16. e5 Nfd7 17. Ne4 e6 18. Nd6 Nxe5 19. dxe5 Bxe5 20. Bc5 1-0


[Site "https://www.chess.com"]

[Event "Titled Tuesday Blitz March 01 Early 2022"]
[White "Kalajzic, Ivan"]
[Black "Selkirk, Rebecca"]
[WhiteFideId "14506378"]
[BlackFideId "14306514"]
[WhiteElo "2163"]
[BlackElo "1649"]
[Result "1-0"]
[Round "05"]
[TimeControl "180+1"]
[Date "2022.03.01"]
[WhiteClock "0:02:13"]
[BlackClock "0:01:22"]

1. d4 d5 2. Nc3 Nf6 3. Bg5 c5 4. e4 dxe4 5. d5 h6 6. Bxf6 exf6 7. Nxe4 Bf5 8. Bb5+ Nd7 9. Qe2 Qe7 10. Nd6+ Kd8 11. Nxf5 Qxe2+ 12. Nxe2 g6 13. Ne3 Nb6 14. O-O-O Bd6 15. Nc4 Nxc4 16. Bxc4 a6 17. Ng3 b5 18. Be2 Kc7 19. Ne4 Be5 1-0


[Site "https://www.chess.com"]

[Event "Titled Tuesday Blitz March 01 Early 2022"]
[White "Kanyamarala, Tarun"]
[Black "Rostovtsev, Dmitry"]
[WhiteFideId "45004714"]
[BlackFideId "34278320"]
[WhiteElo "2144"]
[BlackElo "2218"]
[Result "0-1"]
[Round "05"]
[TimeControl "180+1"]
[Date "2022.03.01"]
[WhiteClock "0:00:03"]
[BlackClock "0:00:17"]

1. d4 Nf6 2. c4 e6 3. Nc3 Bb4 4. e3 O-O 5. Bd2 d5 6. Nf3 c5 7. a3 Bxc3 8. Bxc3 Ne4 9. Rc1 Nc6 10. dxc5 Nxc3 11. Rxc3 a5 12. cxd5 exd5 13. Bb5 Bg4 14. Be2 Qf6 15. O-O Rad8 16. Qc1 Rfe8 17. h3 Bh5 18. Rb3 Re7 19. Rd1 h6 20. Rd2 a4 21. Rbd3 Bxf3 22. Bxf3 Ne5 23. Rxd5 Nxf3+ 24. gxf3 Rxd5 25. Rxd5 Qxf3 26. Rd8+ Kh7 27. Qc2+ f5 28. Qc4 Qxh3 29. Qg8+ Kg6 30. Rd6+ Kh5 31. Qf8 Re4 32. Qf7+ Kh4 33. Rg6 Rg4+ 34. Rxg4+ Qxg4+ 35. Kf1 Kh3 36. Qxb7 Qd1# 0-1


[Site "https://www.chess.com"]

[Event "Titled Tuesday Blitz March 01 Early 2022"]
[White "Kaplan, Ebru"]
[Black "Pein, Jonathan"]
[WhiteFideId "6315194"]
[BlackFideId "417092"]
[WhiteElo "1941"]
[BlackElo "2140"]
[Result "1-0"]
[Round "05"]
[TimeControl "180+1"]
[Date "2022.03.01"]
[WhiteClock "0:00:23"]
[BlackClock "0:00:14"]

1. e4 e5 2. Nf3 d6 3. d4 exd4 4. Nxd4 Nf6 5. Nc3 g6 6. Bc4 Bg7 7. O-O O-O 8. Bg5 h6 9. Bh4 Nc6 10. Nxc6 bxc6 11. Re1 Re8 12. e5 dxe5 13. Qxd8 Rxd8 14. Rxe5 g5 15. Bg3 Nd5 16. Bxd5 Bxe5 17. Bxc6 Bxc3 18. Bxa8 Bxb2 19. Rb1 Bf5 20. h3 Bd4 21. Bf3 Bb6 22. Rc1 Rd2 23. c4 c5 24. Bd5 Rxa2 25. Re1 Rc2 26. Re8+ Kg7 27. Be5+ f6 28. Re7+ Kg6 29. Bf7+ Kg7 30. Bh5+ Kf8 31. Bxf6 Rc1+ 32. Kh2 Bc7+ 33. Rxc7 Rxc4 34. Re7 Rf4 35. Re8# 1-0


[Site "https://www.chess.com"]

[Event "Titled Tuesday Blitz March 01 Early 2022"]
[White "Karttunen, Mika"]
[Black "Marzaduri, Riccardo"]
[WhiteFideId "502081"]
[BlackFideId "886084"]
[WhiteElo "2343"]
[BlackElo "2200"]
[Result "1/2-1/2"]
[Round "05"]
[TimeControl "180+1"]
[Date "2022.03.01"]
[WhiteClock "0:00:08"]
[BlackClock "0:00:03"]

1. e4 e6 2. d4 d5 3. Nc3 Bb4 4. e5 c5 5. a3 Bxc3+ 6. bxc3 Qc7 7. h4 Ne7 8. h5 h6 9. Rb1 Nbc6 10. Nf3 Nf5 11. g4 Nfe7 12. Bd3 Bd7 13. g5 cxd4 14. gxh6 gxh6 15. cxd4 Nxd4 16. Nxd4 Qc3+ 17. Kf1 Qxd4 18. Rxb7 Qc5 19. Rg1 Bc6 20. Rb4 d4 21. Rc4 Qd5 22. Bb2 Rd8 23. Rxd4 Qa5 24. Rxd8+ Qxd8 25. Qg4 Qd5 26. Qb4 Qf3 27. Qb8+ Kd7 28. Qd6+ Kc8 29. Ba6+ Bb7 30. Bxb7+ Qxb7 31. Bc3 Rd8 32. Qc5+ Kb8 33. Qb4 Rd1+ 34. Be1 Qxb4 35. axb4 Nd5 36. Ke2 Rb1 37. Rg8+ Kb7 38. c3 Nf4+ 39. Kf3 Nxh5 40. Bd2 Rb2 41. Be3 Rb1 42. Rf8 a6 43. Rxf7+ Kc6 44. Rh7 Kd5 45. Rxh6 Ng7 46. Rg6 Nf5 47. Rg5 Kxe5 48. Rg8 Rb3 49. Rc8 Ra3 50. Rc6 Kd5 51. Rc5+ Kd6 52. Bf4+ Kd7 53. Ke4 Ra2 54. Rc7+ Kd8 55. f3 Re2+ 56. Kd3 Rf2 57. Ke4 Re2+ 58. Kd3 Rf2 59. Rc6 Rxf3+ 60. Ke4 Rf1 61. Rxe6 Ne7 62. Rxa6 Kd7 63. Be5 Re1+ 64. Kd4 Nc6+ 65. Rxc6 Kxc6 66. Bf6 Rf1 67. Be7 Re1 68. Bc5 Rd1+ 69. Kc4 Rb1 70. Bd4 Rb2 71. Kd3 Rb1 72. Bc5 Rh1 73. c4 Rh3+ 74. Be3 Rh4 75. b5+ Kb7 76. c5 Rh5 77. Bd4 Rh6 78. Kc4 Rg6 79. c6+ Rxc6+ 80. bxc6+ Kxc6 1/2-1/2


[Site "https://www.chess.com"]

[Event "Titled Tuesday Blitz March 01 Early 2022"]
[White "Kezin, Roman"]
[Black "Silva, Miguel Antonio Neto"]
[WhiteFideId "24124621"]
[BlackFideId "1911929"]
[WhiteElo "2509"]
[BlackElo "2204"]
[Result "0-1"]
[Round "05"]
[TimeControl "180+1"]
[Date "2022.03.01"]
[WhiteClock "0:00:01"]
[BlackClock "0:00:15"]

1. e4 e5 2. Nf3 Nc6 3. Nc3 Nf6 4. Rb1 g6 5. d4 exd4 6. Nxd4 Bg7 7. Nxc6 bxc6 8. Bg5 O-O 9. Bd3 d5 10. O-O Qd6 11. Qf3 d4 12. Na4 Ng4 13. Bf4 Be5 14. Bxe5 Nxe5 15. Qg3 f5 16. exf5 Nxd3 17. Qxd3 Bxf5 18. Qd2 c5 19. b3 Rae8 20. Rbc1 c4 21. bxc4 Qa3 22. Qa5 Re7 23. h3 Rfe8 24. Rb1 Bxc2 25. Rb4 d3 26. Qd5+ Kg7 27. Qd4+ Kg8 28. c5 Qxa2 29. Nc3 Qe6 30. Nd5 Rf7 31. Ne3 a5 32. Rc4 Bb3 33. Rc3 Rd7 34. Qg4 Qxg4 35. Nxg4 a4 36. Nf6+ Kf7 37. Nxd7 d2 38. Rd3 d1=Q 39. Rdxd1 Bxd1 40. Rxd1 Ra8 41. Ra1 Ke6 42. c6 Kd6 43. Nf6 h5 44. Ne4+ Kxc6 45. Kh2 Kb5 46. f3 c5 47. Kg3 Kb4 48. Rb1+ Ka3 49. Kf4 Ka2 50. Nc3+ Ka3 51. Ke4 Rd8 52. Ke3 Rd4 53. Nb5+ Ka2 54. Nc3+ Ka3 55. Rb5 Rc4 56. Kd3 Rb4 57. Rxc5 Rb3 58. Kc2 Rb2+ 59. Kc1 Rxg2 60. Rc4 Kb3 61. Rc5 Rc2+ 62. Kd1 Rxc3 63. Rb5+ Ka2 64. f4 Rxh3 65. Rb6 a3 66. Ke2 Rg3 67. Kf2 h4 68. Rb5 Rb3 0-1


[Site "https://www.chess.com"]

[Event "Titled Tuesday Blitz March 01 Early 2022"]
[White "Khamdamova, Afruza"]
[Black "Sargsyan, Anna M."]
[WhiteFideId "14210444"]
[BlackFideId "13308130"]
[WhiteElo "1660"]
[BlackElo "2271"]
[Result "0-1"]
[Round "05"]
[TimeControl "180+1"]
[Date "2022.03.01"]
[WhiteClock "0:00:23"]
[BlackClock "0:00:04"]

1. e4 c6 2. d4 d5 3. Nc3 dxe4 4. Nxe4 Nd7 5. Nf3 Ngf6 6. Bd3 Nxe4 7. Bxe4 Nf6 8. Bd3 Bf5 9. Bxf5 Qa5+ 10. Bd2 Qxf5 11. O-O e6 12. Re1 Bd6 13. c4 O-O 14. Bc3 Bf4 15. Qe2 Rad8 16. Rad1 h6 17. b3 Rfe8 18. Ne5 c5 19. Nf3 cxd4 20. Nxd4 Qg6 21. Qf3 e5 22. Nb5 Rxd1 23. Qxd1 e4 24. g3 e3 25. fxe3 Bxe3+ 26. Kg2 a6 27. Nd4 b5 28. Nf3 bxc4 29. bxc4 Ng4 30. Bd4 Rd8 31. h3 Bxd4 32. Nxd4 Nf6 33. Qd2 Ne4 34. Qe3 Rxd4 35. Qxd4 Qxg3+ 36. Kf1 Qxh3+ 37. Ke2 Qg2+ 38. Kd1 f5 39. Qd5+ Kh8 40. Qd8+ Kh7 41. Qd3 Nf2+ 0-1


[Site "https://www.chess.com"]

[Event "Titled Tuesday Blitz March 01 Early 2022"]
[White "Kohler, Aran"]
[Black "Tymrakiewicz, Rafal"]
[WhiteFideId "1002856"]
[BlackFideId "1108832"]
[WhiteElo "2261"]
[BlackElo "2205"]
[Result "0-1"]
[Round "05"]
[TimeControl "180+1"]
[Date "2022.03.01"]
[WhiteClock "0:00:48"]
[BlackClock "0:01:49"]

1. d4 Nf6 2. Bg5 d5 3. e3 Bf5 4. h3 e6 5. Nd2 c5 6. c3 Nc6 7. g4 Bg6 8. Ngf3 h6 9. Bh4 cxd4 10. exd4 Be7 11. Ne5 Nxe5 12. dxe5 Nd7 13. Bxe7 Qxe7 14. Bb5 O-O 15. Bxd7 Qxd7 16. O-O Qc7 17. Qe2 f5 18. Nf3 fxg4 19. hxg4 Rf4 20. Nd4 Qe7 21. f3 Raf8 22. Kg2 h5 23. b4 hxg4 24. fxg4 Qh4 25. Rxf4 Rxf4 26. Nxe6 Be4+ 27. Kg1 Qh1# 0-1


[Site "https://www.chess.com"]

[Event "Titled Tuesday Blitz March 01 Early 2022"]
[White "Korchmar, Vasiliy"]
[Black "Jumabayev, Rinat"]
[WhiteFideId "24131750"]
[BlackFideId "13702661"]
[WhiteElo "2370"]
[BlackElo "2561"]
[Result "0-1"]
[Round "05"]
[TimeControl "180+1"]
[Date "2022.03.01"]
[WhiteClock "0:00:02"]
[BlackClock "0:00:06"]

1. e4 c6 2. d4 d5 3. e5 Bf5 4. c4 e6 5. Nc3 Ne7 6. h4 h5 7. Nge2 Ng6 8. cxd5 exd5 9. Ng3 Bg4 10. Be2 Nxh4 11. Bxg4 hxg4 12. Qxg4 Nxg2+ 13. Kf1 Rh4 14. Rxh4 Nxh4 15. Bg5 Be7 16. Bxh4 Bxh4 17. Nf5 Bg5 18. Nd6+ Kf8 19. Qh5 Qd7 20. Qh8+ Ke7 21. Nc8+ Ke6 22. Qh3+ f5 23. exf6+ Kxf6 24. Qh8 Na6 25. Qf8+ Kg6 26. Qd6+ Qxd6 27. Nxd6 Rb8 28. Re1 Kf6 29. Ne8+ Kf7 30. Nd6+ Kf6 31. Ne8+ Kf5 32. Nxg7+ Kg4 33. Kg2 Bf6 34. f3+ Kg5 35. Ne6+ Kf5 36. Kf2 Bh4+ 0-1


[Site "https://www.chess.com"]

[Event "Titled Tuesday Blitz March 01 Early 2022"]
[White "Kozak, Antoni"]
[Black "Indjic, Aleksandar"]
[WhiteFideId "21832030"]
[BlackFideId "911925"]
[WhiteElo "2232"]
[BlackElo "2616"]
[Result "1-0"]
[Round "05"]
[TimeControl "180+1"]
[Date "2022.03.01"]
[WhiteClock "0:00:21"]
[BlackClock "0:00:07"]

1. Nf3 d5 2. e3 Nf6 3. c4 e6 4. Nc3 Bd6 5. b3 b6 6. Bb2 O-O 7. g3 Bb7 8. Bg2 a6 9. O-O Nbd7 10. a4 Re8 11. cxd5 exd5 12. Ba3 Bxa3 13. Rxa3 Ne4 14. Qc2 Qe7 15. Raa1 c5 16. d3 Nxc3 17. Qxc3 Nf6 18. Rfc1 Rac8 19. h3 g6 20. Rab1 h6 21. Qd2 a5 22. Re1 Kg7 23. Qb2 Kh7 24. Rbd1 Nh5 25. Nd2 Ng7 26. d4 Ne6 27. dxc5 bxc5 28. Nf3 Red8 29. Ne5 Qf6 30. f4 Ng7 31. Qd2 Nf5 32. Kh2 Ra8 33. Ng4 Qg7 34. Qc1 h5 35. Ne5 Qf8 36. Rh1 f6 37. Nf3 Qe7 38. Rhe1 Re8 39. Rd3 Rad8 40. g4 hxg4 41. hxg4 Nh6 42. g5 Ng4+ 43. Kg3 f5 44. Rh1+ Kg8 45. Qb2 d4 46. exd4 Qe2 47. Rd2 Qe7 48. dxc5 Qg7 49. Qxg7+ Kxg7 50. Rhd1 Rxd2 51. Rxd2 Re7 52. Bh3 Ne3 53. Ne5 Nd5 54. Bg2 Nb4 55. Bxb7 Rxb7 56. Rd7+ Rxd7 57. Nxd7 Nd5 58. c6 Kf7 59. Ne5+ Ke6 60. Nxg6 Kd6 61. Ne5 Nc3 62. g6 Ne4+ 63. Kf3 1-0


[Site "https://www.chess.com"]

[Event "Titled Tuesday Blitz March 01 Early 2022"]
[White "Kucuksari, Kaan"]
[Black "Vokhidov, Shamsiddin"]
[WhiteFideId "6380166"]
[BlackFideId "14204223"]
[WhiteElo "2305"]
[BlackElo "2611"]
[Result "0-1"]
[Round "05"]
[TimeControl "180+1"]
[Date "2022.03.01"]
[WhiteClock "0:00:03"]
[BlackClock "0:00:25"]

1. d4 Nf6 2. c4 e6 3. g3 c5 4. d5 exd5 5. cxd5 d6 6. Nc3 g6 7. Nf3 Bg7 8. Bg2 O-O 9. O-O Re8 10. Bf4 Bf5 11. Nh4 Bg4 12. h3 Nh5 13. hxg4 Nxf4 14. Bf3 Nh3+ 15. Kg2 Ng5 16. e3 Nd7 17. Be2 Ne4 18. Qc2 Qe7 19. Rab1 Nb6 20. Bf3 Nxc3 21. bxc3 Nc4 22. Rb3 b5 23. Be2 Qd7 24. Nf3 Rxe3 25. Bxc4 bxc4 26. fxe3 cxb3 27. axb3 Qxg4 28. Ra1 Re8 29. Ra4 Qd7 30. e4 Rb8 31. Qa2 Rb7 32. Ra6 Bxc3 33. Qc2 Bg7 34. Nd2 Qb5 35. Qc4 Bh6 36. Qxb5 Rxb5 37. Nc4 Bf8 38. Nxd6 Bxd6 39. Rxd6 Rxb3 40. Rd8+ Kg7 41. d6 Rd3 42. e5 Rd5 43. Re8 c4 44. Re7 c3 45. e6 Rxd6 46. Rxf7+ Kh6 47. Rxa7 Rxe6 48. Rc7 Re3 49. Kf2 Rd3 50. Kg2 g5 51. Rc6+ Kh5 52. Rc7 Kg4 53. Rc4+ Kf5 54. Rc5+ Ke4 55. Rc4+ Ke3 56. Rc8 Kd2 57. Kf2 c2 0-1


[Site "https://www.chess.com"]

[Event "Titled Tuesday Blitz March 01 Early 2022"]
[White "Kukhmazov, Arsen"]
[Black "Wahedi, Ahmad Siar"]
[WhiteFideId "24108260"]
[BlackFideId "4651260"]
[WhiteElo "2487"]
[BlackElo "2357"]
[Result "1-0"]
[Round "05"]
[TimeControl "180+1"]
[Date "2022.03.01"]
[WhiteClock "0:00:23"]
[BlackClock "0:00:06"]

1. b3 Nf6 2. Bb2 g6 3. g3 Bg7 4. Bg2 O-O 5. Nf3 d5 6. O-O c5 7. e3 Nc6 8. d4 cxd4 9. exd4 Ne4 10. Nc3 Nxc3 11. Bxc3 Bg4 12. h3 Bxf3 13. Bxf3 e6 14. Bb2 Rc8 15. c3 b5 16. Qd2 a5 17. Rfd1 b4 18. c4 Qb6 19. c5 Qb5 20. Be2 Qb7 21. a3 Ra8 22. axb4 axb4 23. Ra4 Rxa4 24. bxa4 Ra8 25. Bb5 h5 26. h4 Rb8 27. Rc1 Qc7 28. Qd3 Na5 29. c6 Rb6 30. Kg2 Nc4 31. Bxc4 Rxc6 32. Bxd5 Rxc1 33. Bxc1 Qxc1 34. Bf3 Qa3 35. Qc4 b3 36. d5 b2 37. Be4 exd5 38. Qxd5 Qb4 39. Bxg6 b1=Q 40. Qxf7+ Kh8 41. Qe8+ Bf8 42. Bxb1 Qxb1 43. Qxf8+ Kh7 44. Qf7+ Kh6 45. Qf6+ Kh7 46. Qe7+ Kh6 47. Qd6+ Kh7 48. Qc7+ Kh6 49. Qc6+ Kh7 50. a5 Qa1 51. a6 Qa2 52. Qb7+ Kh6 53. a7 1-0


[Site "https://www.chess.com"]